 Dungeon Crawl Stone Soup version 0.17-a0-2069-g0f4ee5b (webtiles) character file.

113 HungrySpirit the Cudgeler (level 4, -3/44 HPs)
             Began as an Ogre Arcane Marksman on Oct 13, 2015.
             Slain by an ufetubus (4 damage)
             ... in a sewer.
             The game lasted 00:04:37 (2584 turns).

HungrySpirit the Cudgeler (Ogre Arcane Marksman)    Turns: 2584, Time: 00:04:37

Health: -3/44      AC:  4    Str: 17    XL:     4   Next: 96%
Magic:  5/5        EV: 10    Int: 12    God:
Gold:   125        SH:  0    Dex:  9    Spells: 1 memorised, 4 levels left

rFire  . . .     SeeInvis .     r - +0 flail
rCold  . . .     Clarity  .     c - +0 robe
rNeg   . . .     SustAt   .     (no shield)
rPois  .         Gourm    .     (helmet restricted)
rElec  .         Spirit   .     q - +0 cloak
rCorr  .         Warding  .     (gloves unavailable)
rMut   .         Stasis   .     (boots unavailable)
MR     +....                    (no amulet)
Stlth  +.........               (no ring)
                                u - ring of protection from magic

@: somewhat resistant to hostile enchantments, very unstealthy
A: unfitting armour, tough skin 1
a: no special abilities


You were in a sewer.
You were near starving.

You visited 1 branch of the dungeon, and saw 3 of its levels.
You also visited: Sewer.

You collected 125 gold pieces.

Inventory:

Hand Weapons
 r - a +0 flail (weapon)
Missiles
 j - 2 throwing nets
 m - a tomahawk (quivered)
Armour
 c - a +0 robe (worn)
 q - a +0 cloak (worn)
Jewellery
 u - a ring of protection from magic (left hand)
Scrolls
 a - a scroll of noise {unknown}
 f - 2 scrolls of identify {unknown}
 h - a scroll of magic mapping {unknown}
 k - a scroll of fog {unknown}
 n - a scroll of teleportation {unknown}
 o - a scroll of amnesia {unknown}
 p - 2 scrolls of recharging {unknown}
 v - a scroll of remove curse {unknown}
Potions
 g - 2 potions of curing {unknown}
 i - 3 potions of cure mutation
 s - a potion of degeneration {unknown}
Books
 d - a book of Debilitation

   Spells                             Type                      Level
   a - Corona                         Hexes                        1
   b - Slow                           Hexes                        2
   c - Gell's Gravitas                Hexes/Translocation          3
   d - Inner Flame                    Hexes/Fire                   3
   e - Cause Fear                     Hexes                        4
   f - Leda's Liquefaction            Hexes/Earth                  4
Comestibles
 e - 2 bread rations
 l - 2 meat rations


   Skills:
 - Level 2.6 Fighting
 * Level 5.2 Maces & Flails
 - Level 2.0 Throwing
 - Level 1.7 Dodging
 - Level 1.2 Spellcasting
 - Level 2.1 Hexes


You had 4 spell levels left.
You knew the following spells:

 Your Spells              Type           Power        Failure   Level  Hunger
a - Corona                Hex            #......      14%         1    ##.....


Dungeon Overview and Level Annotations

Branches:
Dungeon (3/15)

Altars:
Fedhas


Innate Abilities, Weirdness & Mutations

You are too large for most types of armour.
You have tough skin (AC +1).


Message History

The ufetubus hits you but does no damage.
The ufetubus barely misses you.
Throwing (i - inventory. (,) - cycle):
m - 3 tomahawks (quivered)
Press: ? - help, Shift-Dir - straight line, f/p - ufetubus
Aim: an ufetubus (almost dead)
You throw a tomahawk. The tomahawk misses the ufetubus.
The ufetubus hits you but does no damage.
The ufetubus barely misses you.
Throwing (i - inventory. (,) - cycle):
m - 2 tomahawks (quivered)
Press: ? - help, Shift-Dir - straight line, f/p - ufetubus
Aim: an ufetubus (almost dead)
You throw a tomahawk.
The tomahawk completely misses the ufetubus.
The ufetubus hits you.
* * * LOW HITPOINT WARNING * * *
The ufetubus hits you but does no damage. x3
Drink which item? (? for menu, Esc to quit)
It was a potion of cure mutation.
It has a very clean taste.
The ufetubus closely misses you. The ufetubus hits you.
You die...

≈≈ ####≈
.#.. .≈≈ ≈≈
##.## #≈≈5#
#≈≈@# #≈..#
#≈..# #≈≈.#
#≈≈.# #≈..#
#≈≈.#
#≈..######
#≈≈.##...##


You could see an ufetubus.

Vanquished Creatures
  3 adders
  A shadow imp (Sewer)
  3 oozes
  A worm (D:2)
  5 giant geckos
  A ball python (D:1)
  3 giant cockroaches (D:2)
  6 hobgoblins
  4 jackals (D:2)
  A quokka (D:2)
  6 bats
  2 giant newts (D:1)
  4 goblins
  11 kobolds
  12 rats
63 creatures vanquished.

Notes
Turn   | Place    | Note
--------------------------------------------------------------
     0 | D:1      | HungrySpirit the Ogre Arcane Marksman began the quest for the Orb.
     0 | D:1      | Reached XP level 1. HP: 19/19 MP: 2/2
   141 | D:1      | Reached XP level 2. HP: 15/29 MP: 3/3
   390 | D:1      | Reached skill level 1 in Maces & Flails
   738 | D:1      | Reached XP level 3. HP: 33/36 MP: 4/4
  1193 | D:1      | Reached skill level 3 in Maces & Flails
  1695 | D:2      | Reached XP level 4. HP: 44/44 MP: 5/5
  1790 | D:2      | Reached skill level 4 in Maces & Flails
  2476 | D:2      | Found a blossoming altar of Fedhas.
  2520 | D:3      | Reached skill level 5 in Maces & Flails
  2522 | D:3      | Found a glowing drain.
  2531 | Sewer    | Entered a sewer
  2580 | Sewer    | HP: 2/44 [ufetubus (1)]
  2584 | Sewer    | Slain by an ufetubus

Vault maps used:
D:1:      dpeg_arrival_snail
D:2:      lemuel_doored_altar, minivault_24, minmay_misc_feat_room,
          kennysheep_doodads, minmay_quantized
D:3:      ecumenical_altar_2, portal_sewer_entry_d, uniq_iyjb, uniq_jessica,
          uniq_robin
Sewer:    kennysheep_sewer_church

Action                   |  1- 3 |  4- 6 || total
-------------------------+-------+-------++-------
Melee: Unarmed           |    16 |       ||    16
       Club              |    20 |       ||    20
       Mace              |    87 |       ||    87
       Flail             |       |    92 ||    92
Throw: Large rock        |    15 |     4 ||    19
       Throwing net      |     4 |     1 ||     5
       Tomahawk          |       |     7 ||     7
  Use: Potion            |       |     1 ||     1
  Eat: Chunk             |     3 |     1 ||     4
